 Dungeon Crawl Stone Soup version 0.20.0-10-g0535bb4 (webtiles) character file.

35 Naow the Vexing (level 3, -3/20 HPs)
             Began as a Deep Elf Arcane Marksman on June 7, 2017.
             Killed from afar by an orc wizard (5 damage)
             ... with a magic dart
             ... on level 3 of the Dungeon.
             The game lasted 00:03:33 (1909 turns).

Naow the Vexing (Deep Elf Arcane Marksman)          Turns: 1909, Time: 00:03:34

Health: -3/20      AC:  2    Str:  7    XL:     3   Next: 17%
Magic:  8/8        EV: 13    Int: 18    God:
Gold:   81         SH:  0    Dex: 15    Spells: 0/6 levels left

rFire    . . .     SeeInvis .   a - +0 shortbow
rCold    . . .     Gourm    .   (shield currently unavailable)
rNeg     . . .     Faith    .   e - +0 robe
rPois    .         Spirit   .   (no helmet)
rElec    .         Reflect  .   (no cloak)
rCorr    .         Harm     .   (no gloves)
MR       .....                  (no boots)
Stlth    +.........             (no amulet)
Regen    0.1/turn               (no ring)
MPRegen  0.2/turn               (no ring)

@: no status effects
A: no striking features
a: no special abilities


You were on level 3 of the Dungeon.
You were hungry.

You visited 1 branch of the dungeon, and saw 3 of its levels.

You collected 81 gold pieces.

Inventory:

Hand Weapons
 a - a +0 shortbow (weapon)
Missiles
 d - 12 arrows (quivered)
Armour
 e - a +0 robe (worn)
Jewellery
 h - an uncursed ring of resist corrosion {unknown}
Scrolls
 g - 2 scrolls of identify {unknown}
 j - a scroll of magic mapping {unknown}
 k - a scroll of teleportation {unknown}
 l - a scroll of fear {unknown}
 o - a scroll of enchant weapon {unknown}
Potions
 b - a potion of curing {unknown}
 m - a potion of berserk rage {unknown}
 n - a potion of heal wounds {unknown}
Books
 c - a book of Debilitation

   Spells                             Type                      Level
   a - Corona                         Hexes                        1
   b - Slow                           Hexes                        2
   c - Inner Flame                    Hexes/Fire                   3
   d - Portal Projectile              Hexes/Translocation          3
   e - Cause Fear                     Hexes                        4
   f - Leda's Liquefaction            Hexes/Earth                  4
Comestibles
 f - a bread ration
 i - a meat ration
 p - a royal jelly


   Skills:
 * Level 1.2 Fighting
 + Level 2.9 Bows
 * Level 2.9 Dodging
 + Level 2.0 Spellcasting
 + Level 4.2 Hexes


You couldn't memorise any spells.
You knew the following spells:

 Your Spells              Type           Power        Failure   Level  Hunger
a - Corona                Hex            ###....      3%          1    #......
b - Portal Projectile     Hex/Tloc       #.....       22%         3    ###....
c - Slow                  Hex            ###.....     4%          2    ###....


Dungeon Overview and Level Annotations

Branches:
Dungeon (3/15)

Altars:
The Shining One


Message History

The orc misses you.
Firing (i - inventory):
d - 13 arrows (quivered)
Press: ? - help, Shift-Dir - straight line, f/p - orc
Aim: an orc, wielding a whip and wearing a glowing chain mail You shoot an arrow.
The arrow closely misses the orc.
The orc barely misses you.
A leopard gecko comes into view.
A rat comes into view.
An orc wizard appears from thin air!
Reactivating autopickup.
The leopard gecko hisses angrily.
The orc wizard gestures wildly while chanting.
The orc wizard seems to speed up.
The orc wizard gestures wildly while chanting.
The orc wizard flickers and vanishes!
Deactivating autopickup; reactivate with Ctrl-A.
The leopard gecko barely misses you.
A magic dart appears from out of thin air!
The magic dart hits you!
You die...

#.##.....#####.# #...# #
..#...........# #...# #
#.#...........# #...# #
...###.......# #...# #
##..###.......# #.r.### #
....##.[.....# #..o..# #
###..##.......# ###...# #
#....##.(.....## #...# #
######.#..#<..รท@.o..# #...# #
.......<>.##........#####l..# #
.......#.........#....o.#...####
.......#..#####.##............##
..?....#..# .................##
.....#.#..# #######...........##
####.###..# #...........# # #..#
######...........# #..#
.................#


You could see 2 orcs.

Vanquished Creatures
  An ooze (D:2)
  A dart slug (D:1)
  2 leopard geckos
  An orc (D:3)
  3 hobgoblins
  3 bats
  4 frilled lizards
  6 goblins
  2 kobolds
  5 rats (D:1)
28 creatures vanquished.

Notes
Turn   | Place    | Note
-------+----------+-------------------------------------------
     0 | D:1      | Naow the Deep Elf Arcane Marksman began the quest for the Orb.
     0 | D:1      | Reached XP level 1. HP: 11/11 MP: 5/5
    42 | D:1      | Reached skill level 1 in Fighting
   237 | D:1      | Reached XP level 2. HP: 16/16 MP: 6/6
  1298 | D:2      | Reached XP level 3. HP: 20/20 MP: 7/7
  1318 | D:2      | Found a glowing golden altar of the Shining One.
  1750 | D:3      | Learned a level 3 spell: Portal Projectile
  1754 | D:3      | Learned a level 2 spell: Slow
  1882 | D:3      | HP: 1/20 [orc/whip (4)]
  1909 | D:3      | Killed from afar by an orc wizard

Skill      XL: |  1  2  3 |
---------------+----------+-----
Fighting       | 1 |  1.2
Spellcasting   | 2 |  2.0
Bows           | |  2.9
Dodging        | |  2.9
Hexes          | |  4.2

Action                   || total
-------------------------++-------
 Fire: Shortbow          ||   126
 Cast: Corona            ||     3
  Eat: Chunk             ||     2
Armor: Robe              ||    16
Dodge: Dodged            ||    85
